 Dungeon Crawl Stone Soup version 0.31-a0-795-g5eb97db20b (webtiles) character file.

Game seed: 17133811223183377329

489 javelincjr the Magician (level 6, 0/41 HPs)
             Began as a Demonspawn Hedge Wizard on Sept 18, 2023.
             Slain by an ogre
             ... wielding a +0 giant club
              (23 damage)
             ... on level 5 of the Dungeon.
             The game lasted 00:12:00 (3802 turns).

javelincjr the Magician (Demonspawn Hedge Wizard)   Turns: 3802, Time: 00:12:01

Health: 0/41       AC:  3    Str: 11    XL:     6   Next: 90%
Magic:  12/12      EV: 12    Int: 17    God:
Gold:   213        SH:  0    Dex: 12    Spells: 9/14 levels left

rFire   . . .        j - +0 dagger (freeze)
rCold   + . .        (no shield)
rNeg    . . .        b - +0 robe
rPois   .            c - +0 hat
rElec   .            (no cloak)
rCorr   .            (no gloves)
SInv    .            e - +0 pair of boots
Will    .....        (no amulet)
Stlth   ++           d - ring of protection from cold
HPRegen 0.26/turn    (no ring)
MPRegen 0.13/turn

%: no passive effects
@: studying Fighting
A: antennae 1, powered by death 1, spiny 2
a: no special abilities


You were on level 5 of the Dungeon.
You visited 1 branch of the dungeon, and saw 5 of its levels.

You collected 213 gold pieces.

Inventory:

Hand Weapons
 a - a +0 dagger
 j - a +0 dagger of freezing (weapon)
Armour
 b - a +0 robe (worn)
 c - a +0 hat (worn)
 e - a +0 pair of boots (worn)
 t - a +2 ring mail of cold resistance
Jewellery
 d - a ring of protection from cold (left hand)
 m - a ring of positive energy
Scrolls
 f - 2 scrolls of teleportation {unknown}
 i - a scroll of enchant armour {unknown}
 k - 3 scrolls of amnesia {unknown}
 n - 4 scrolls of identify {unknown}
 o - a scroll of noise {unknown}
 p - a scroll of vulnerability {unknown}
Potions
 g - 2 potions of haste
 h - a potion of lignification
 l - a potion of might
 q - a potion of brilliance {unknown}
 r - a potion of mutation {unknown}
 s - a potion of degeneration {unknown}


   Skills:
 + Level 0.4 Armour
 + Level 2.9 Dodging
 + Level 3.1 Stealth
 * Level 4.5 Spellcasting
 + Level 2.7 Conjurations
 + Level 2.6 Summonings
 + Level 2.5 Translocations


You had 9 spell levels left.
You knew the following spells:

 Your Spells              Type           Power      Damage    Failure   Level
a - Magic Dart            Conj           52%        1d5       4%          1
b - Call Imp              Summ           24%        N/A       8%          2
c - Blink                 Tloc           24%        N/A       8%          2

Your spell library contained the following spells:

 Spells                   Type           Power      Damage    Failure   Level
 Slow                     Hex            12%        N/A       16%         1
 Cigotuvi's Dreadful Rot  Necr/Pois/Air  6%         N/A       22%         2
 Sublimation of Blood     Necr           3%         N/A       22%         2
 Wereblood                Tmut           3%         N/A       22%         2
 Mephitic Cloud           Conj/Pois/Air  7%         N/A       30%         3
 Summon Hydra             Summ           6%         N/A       100%        7


Dungeon Overview and Level Annotations

Branches:
Dungeon (5/15)
 Temple: D:4-7

Altars:
Ru
Xom

Annotations:
D:5 Duvessa


Innate Abilities, Weirdness & Mutations

You have a pair of small antennae on your head.
You regenerate a little health from kills.
You are mostly covered in sharp spines.


Message History

No target in view!
No target in view!
You closely miss something. Something hits you but does no damage.
You miss something. Something hits you.
You miss something. Something hits you but does no damage.
You barely miss something. Something hits you.
You miss something.
You hear some strange, mumbled words.
A puff of flame appears from out of thin air!
The puff of flame hits you!
You hit something but do no damage.
Reactivating autopickup.
You feel a bit more experienced.
Things that are here:
a +0 dagger; a +0 robe Your cerulean imp disappears in a puff of smoke!
There is a stone staircase leading down here.
You start resting.
HP restored.
You climb downwards.
Found 17 gold pieces, 2 silvery potions and a cloak.
There is a stone staircase leading up here.
You climb upwards.
There is a stone staircase leading down here.
You see here a +0 robe.
Things that are here:
a +0 leather armour; a +0 club; a +0 short sword
There is a stone staircase leading down here.
You climb downwards.
Level annotation: Duvessa The orc shouts! x3; The centaur shouts!
The centaur wields a +0 orcbow.
The centaur shoots an arrow.
The arrow hits you.
There is a stone staircase leading up here.
The centaur shoots an arrow.
The arrow hits you! The orc is struck by your spines.
The orc barely misses you. The ogre is struck by your spines.
The ogre hits you with a +0 giant club!!
Ouch! That really hurt!
You die...

## #. ## ##.#
## .. #
..####.
#.##........#
.....♣...♣.##
.#.........#
.♣.oO@...♣
#...oo!...#
#<.♣...♣..#
#.#....c..#
#.####... #
#.. ..## ###
###


You could see an ogre, a centaur and 3 orcs.

Vanquished Creatures
  An ogre (D:4)
  A jelly (D:4)
  2 iguanas (D:4)
  2 orc wizards (D:4)
  2 adders (D:4)
  A white imp (D:4)
  3 worms
  2 dart slugs
  3 orcs (D:4)
  7 bats
  8 endoplasms
  2 giant cockroaches
  9 goblins
  5 hobgoblins
  5 kobolds
  3 quokkas
  4 ball pythons
  2 frilled lizards
  3 rats
65 creatures vanquished.

Vanquished Creatures (collateral kills)
  Pargi (D:3)
  A scorpion (D:4)
  An adder (D:4)
  A kobold (D:4)
  A quokka (D:4)
5 creatures vanquished.

Grand Total: 70 creatures vanquished

Notes
Turn   | Place    | Note
-------+----------+-------------------------------------------
     0 | D:1      | javelincjr the Demonspawn Hedge Wizard began the quest for
                  | the Orb.
     0 | D:1      | Reached XP level 1. HP: 13/13 MP: 4/4
   204 | D:1      | Reached skill level 1 in Translocations
   393 | D:1      | Gained mutation: You are partially covered in sharp spines.
                  | [demonic ancestry]
   393 | D:1      | Reached XP level 2. HP: 19/19 MP: 3/6
  1059 | D:2      | Gained mutation: You regenerate a little health from kills.
                  | [demonic ancestry]
  1059 | D:2      | Reached XP level 3. HP: 24/24 MP: 1/7
  1501 | D:2      | Found a shimmering altar of Xom.
  1589 | D:2      | You fall into a shaft and drop 1 floor!
  1837 | D:3      | Learned a level 2 spell: Call Imp
  1840 | D:3      | Learned a level 2 spell: Blink
  1944 | D:3      | Noticed Pargi
  2180 | D:3      | Killed Pargi
  2181 | D:3      | Gained mutation: You have a pair of small antennae on your
                  | head. [demonic ancestry]
  2181 | D:3      | Reached XP level 4. HP: 30/30 MP: 4/9
  2181 | D:3      | Reached XP level 5. HP: 35/35 MP: 4/10
  2278 | D:3      | Found a faded altar of an unknown god.
  2435 | D:3      | Found a sacrificial altar of Ru.
  2610 | D:4      | Noticed an ogre
  2628 | D:4      | Killed an ogre
  2629 | D:4      | Reached skill level 4 in Spellcasting
  2976 | D:4      | Gained mutation: You are mostly covered in sharp spines.
                  | [demonic ancestry]
  2976 | D:4      | Reached XP level 6. HP: 41/41 MP: 9/12
  3680 | D:5      | Entered Level 5 of the Dungeon
  3762 | D:5      | Noticed Duvessa
  3802 | D:5      | Slain by an ogre

Illustrated notes

Levels and vault maps discovered:
D:1:      dpeg_arrival_pond, layout_rooms, chequers_serial_rivers_micro_c
D:2:      layout_rooms, basic_altar, kennysheep_generic_room_9
D:3:      layout_basic, nicolae_ru_awakened_eye,
          shapermc_ecumenical_altar_acropolis, uniq_pargi
D:4:      layout_loops_cross, minmay_manual_monstrance
D:5:      layout_basic, nicolae_overflow_crystal_walls,
          mainiacjoe_overflow_tiny_flanked, grunt_ministairs_2, minmay_holes,
          hangedman_decor_peaks_small, uniq_duvessa

Skill      XL: |  1  2  3  4  5  6 |
---------------+-------------------+-----
Translocations | 1 2 |  2.5
Stealth        | 2 3 |  3.1
Dodging        | 2 |  2.9
Conjurations   | 2 |  2.7
Summonings     | 2 |  2.6
Spellcasting   | 4 |  4.5
Armour         | |  0.4

Action                     |  1- 3 |  4- 6 || total
---------------------------+-------+-------++-------
  Melee: Dagger            |    38 |    56 ||    94
         Punch             |       |     1 ||     1
   Cast: Magic Dart        |    94 |    37 ||   131
         Call Imp          |     4 |    13 ||    17
    Use: Potion            |     5 |       ||     5
   Stab: Sleeping          |     1 |     1 ||     2
 Armour: Robe              |    28 |    26 ||    54
         Skin              |     8 |       ||     8
  Dodge: Dodged            |    28 |    27 ||    55

Table legend: (Time is in decaauts)
 A = Elapsed time spent in this place.
 B = Non-inter-level travel time spent in this place.
 C = Inter-level travel time spent in this place.
 D = Time resting spent in this place.
 E = Time spent auto-exploring this place.
 F = Levels seen in this place.
 G = Mean time per level.
                   A        B        C        D        E       F      G
               +--------+--------+--------+--------+--------+-----+--------+
         Total |   3782 |   3581 |    201 |     91 |   2951 |   5 |  756.4 |
       Dungeon |   3782 |   3581 |    201 |     91 |   2951 |   5 |  756.4 |
               +--------+--------+--------+--------+--------+-----+--------+

Top non-repeatable levels by time:
     D:4: 1211 daAuts
     D:2: 1006 daAuts
     D:3: 822 daAuts
     D:1: 735 daAuts
     D:5: 6 daAuts
